Cogmind - Beta 13 @@@ ROGUE MODE // 2024.04.20 @ 00:37:52 Player: Millea Result: Destroyed by WI-SLF(R) with Subdweller Beam Cannon Performance ------------- Evolutions (0) 0 Regions Visited (2) 400 Robots Destroyed (29) 145 Value Destroyed (701) 701 Prototype IDs (10) 200 Alien Tech Used (0) 0 Bonus (-76) -76 TOTAL SCORE: 1370 Bonus ------- Friendly Fire -76 Cogmind --------- Core Integrity 0/250 Matter 241/300 Energy 52/100 System Corruption 0% Temperature Cool (9) Movement Rolling (140) Ox4 Location -10/Subcaves Parts ------- > --- POWER (1+1) ------ (None) > --- PROPULSION (2) --- Wheel > --- UTILITY (2) ------ High-capacity Storage Unit Seismic Detector > --- WEAPON (2) ------- Powered Cannon > --- INVENTORY (20) --- Light Treads Spiked Treads Aluminum Leg Aluminum Leg Small Storage Unit Visual Processing Unit Scrap Shield EM Shotgun Riot Gun Medium Laser Subdweller Laser Subdweller Laser Subdweller Beam Cannon Powered Cannon Assault Rifle Battle Rifle Multitool Shrapnel Trap Peak State ------------ > --- POWER ------------ (None) > --- PROPULSION ------- Wheel Compact Wheel > --- UTILITY ---------- High-capacity Storage Unit Seismic Detector > --- WEAPON ----------- Powered Cannon > --- INVENTORY -------- Light Treads Spiked Treads Aluminum Leg Aluminum Leg Small Storage Unit Visual Processing Unit Scrap Shield EM Shotgun Riot Gun Medium Laser Subdweller Laser Subdweller Laser Subdweller Beam Cannon Powered Cannon Assault Rifle Battle Rifle Shrapnel Trap [Rating: 22] Favorites ----------- Power Ion Engine Engine Ion Engine Propulsion Light Treads Treads Light Treads Wheel Wheel Utility Seismic Detector Device Seismic Detector Storage High-capacity Storage Unit Weapon EM Shotgun Energy Gun EM Shotgun Energy Cannon Powered Cannon Ballistic Gun Assault Rifle Launcher Grenade Launcher Build | -11 -10 -10 ------- Run | Yrd Mat Sub Slots Evolved . | . . . Power . | . . . Propulsion . | . . . Utility . | . . . Weapon . | . . . Parts Attached 19 | 7 4 8 Power 2 | 1 . 1 Engine 2 | 1 . 1 Core . | . . . Reactor . | . . . Propulsion 5 | 2 . 3 Treads 2 | 2 . . Leg . | . . . Wheel 3 | . . 3 Hover . | . . . Flight . | . . . Utility 3 | 2 1 . Device 1 | 1 . . Storage 2 | 1 1 . Processor . | . . . Hackware . | . . . Protection . | . . . Artifact . | . . . Weapon 9 | 2 3 4 Energy Gun 5 | 2 2 1 Energy Cannon 1 | . . 1 Ballistic Gun 1 | . 1 . Ballistic Cannon . | . . . Launcher 2 | . . 2 Special Weapon . | . . . Impact Weapon . | . . . Slashing Weapon . | . . . Piercing Weapon . | . . . Special Melee Weapon . | . . . Unidentified Prototypes 1 | . . 1 Parts Lost 5 | . 1 4 Power 2 | . . 2 Propulsion 2 | . . 2 Utility . | . . . Weapon 1 | . 1 . Highest Loss Streak 1 | . 1 1 To Critical Strikes . | . . . Average Slot Usage (%) 87 | . 99 79 Engine 9 | . 14 6 Treads 18 | . 28 12 Wheel 8 | . . 13 Device 13 | . 14 12 Storage 13 | . 14 12 Energy Gun 15 | . 21 11 Energy Cannon 3 | . . 6 Ballistic Gun 2 | . 6 . Launcher 1 | . . 1 Naked Turns . | . . . Heaviest Build 52 | 10 52 52 Greatest Support 40 | 40 40 40 Greatest Overweight (x) 4 | . 1 4 Average Overweight (x) 1 | . . 1 Largest Inventory Capacity 20 | 8 20 20 Average Capacity 18 | 7 17 20 Most Carried 20 | 7 12 20 Average Carried 12 | 5 8 15 Final Capacity 20 | 8 20 20 Final Carried 20 | 6 12 20 Class Distribution -------------------- 100% | Mutant Dominant Class ---------------- Mutant | -10/Materials Mutant | -10/Subcaves Resources | -11 -10 -10 ----------- Run | Yrd Mat Sub Matter Collected 595 | 225 75 295 Remotely . | . . . Salvage Created 770 | 153 260 357 Parts 54 | 5 19 30 Haulers Intercepted . | . . . Recyclers Shooed 1 | 1 . . Parts Field Recycled . | . . . Retrieved Matter . | . . . Parts Self-Destructed 20 | . . 20 Prevented 1 | . . 1 Kills | -11 -10 -10 ------- Run | Yrd Mat Sub Combat Hostiles Destroyed 23 | . 9 14 Melee 1 | . 1 . Guns 13 | . 8 5 AOE 9 | . . 9 Classes Destroyed 8 | 2 4 2 Worker 2 | . 2 . Tunneler 2 | 2 . . Recycler 1 | 1 . . Watcher 1 | . 1 . Swarmer 8 | . 6 2 Grunt 5 | . 3 2 Artisan 1 | . . 1 Subdweller 10 | . . 10 Best Kill Streak 4 | 2 4 3 Combat Bots Only 3 | . 3 3 Max Kills in Single Turn 2 | 1 1 2 Gunslinging . | . . . Exploded 2 | . . 2 Melee 1 | . 1 . Uniques/NPCs Destroyed . | . . . Combat | -11 -10 -10 -------- Run | Yrd Mat Sub Hostile Shots Fired 89 | . 47 42 Missed 27 | . 12 15 Damage Taken 926 | . 323 603 Core 259 | . 88 171 Absorbed by Shields . | . . . Core Remaining (%) 100 | 100 . . Volleys Fired 90 | 9 27 54 Largest 2 | 2 2 2 Hottest 100 | 100 100 90 Shots Fired 136 | 18 54 64 Gun 92 | 18 54 20 Cannon 17 | . . 17 Launcher 27 | . . 27 Special . | . . . Kinetic 10 | . 10 . Thermal 79 | 18 44 17 Explosive 27 | . . 27 Electromagnetic 20 | . . 20 Robot Hit Streak 18 | 3 7 18 Robot Miss Streak 4 | 4 2 3 Penetration Max . | . . . Secondary Targets 2 | . 1 1 Max Gunslinging Chain 1 | . 1 1 Shots Hit Robots 64 | 7 35 22 Core Hits 49 | 4 15 30 Critical Kills . | . . . Critical Parts Destroyed . | . . . Critical Strikes 5 | 2 3 . Burn 5 | 2 3 . Melee Attacks . | . . . Impact . | . . . Slashing . | . . . Piercing . | . . . Sneak Attacks . | . . . Combat Hostiles . | . . . Follow-up Attacks . | . . . Damage Inflicted 2025 | 91 466 1468 Guns 750 | 89 453 208 Cannons 211 | . . 211 Explosions 1049 | . . 1049 Melee . | . . . Ramming 15 | 2 13 . Kinetic 78 | . 78 . Thermal 675 | 89 375 211 Explosive 1049 | . . 1049 Electromagnetic 208 | . . 208 Impact . | . . . Slashing . | . . . Piercing . | . . . Highest Corruption . | . . . Average Corruption . | . . . Corruption Purged . | . . . Corruption Blocked . | . . . Overload Shots . | . . . Overflow Damage 6 | . . 6 Projectiles . | . . . Explosions 6 | . . 6 Melee . | . . . Knockbacks . | . . . Impact . | . . . Kinetic . | . . . Secondary . | . . . Self-Inflicted Damage 44 | . . 44 Shots 2 | . . 2 Rammed 5 | 2 3 . Targets Rammed 6 | 2 4 . Kicked . | . . . Crushed 1 | . 1 . Highest Temperature 319 | 121 319 . Average Temperature 88 | 63 96 . Received Heat Transfer 210 | . 90 120 Effects 1 | . 1 . Energy Bleed 1 | . 1 . Siege Activations . | . . . Robots Corrupted . | . . . Combat Hostiles . | . . . Parts Fried 1 | . . 1 Impact Corruptions . | . . . Robots Melted . | . . . Combat Hostiles . | . . . Parts Melted 6 | 1 5 . Heat Transferred 1702 | 407 1295 . Parts Sabotaged . | . . . Parts Stolen . | . . . Parts Stripped . | . . . Power Chain Reactions . | . . . Alert | -11 -10 -10 ------- Run | Yrd Mat Sub Peak Influence 302 | 15 302 . Initial 9 | . 9 . Average 86 | 5 96 . Maximum Alert Level 1 | . 1 . Low Security (%) 90 | 100 89 . Level 1 9 | . 10 . Level 2 . | . . . Level 3 . | . . . Level 4 . | . . . Level 5 . | . . . High Security . | . . . Max Security . | . . . Squads Dispatched 2 | . 2 . Investigation 1 | . 1 . Extermination . | . . . Reinforcement 1 | . 1 . Assault . | . . . Garrison . | . . . Intercept . | . . . Searches Triggered . | . . . Construction Impeded . | . . . Haulers Reinforced . | . . . Active Scanning Responses . | . . . Cargo Convoy Interrupts . | . . . Stealth | -11 -10 -10 --------- Run | Yrd Mat Sub Distress Signals . | . . . Communications Jammed . | . . . Distress Signals . | . . . Times Spotted 31 | . 16 15 Peak Tracking Total 3 | . 3 3 Tactical Retreats 3 | . 3 . Traps | -11 -10 -10 ------- Run | Yrd Mat Sub Traps Triggered . | . . . Indirectly . | . . . Trap Hack Attempts . | . . . Triggered . | . . . Disarmed . | . . . Reprogrammed . | . . . Reused . | . . . Traps Extracted . | . . . Installed . | . . . Triggered . | . . . Most Traps Carried 1 | . . 1 Machines | -11 -10 -10 ---------- Run | Yrd Mat Sub Machines Disabled 2 | . . 2 Max in Single Turn 1 | . . 1 Machines Repaired . | . . . Machines Dismantled . | . . . Machines Sabotaged . | . . . Overloaded Fab Kills . | . . . Hacking | -11 -10 -10 --------- Run | Yrd Mat Sub Machines Accessed 6 | . 4 2 Terminals 4 | . 4 . Fabricators . | . . . Repair Stations . | . . . Recycling Units . | . . . Scanalyzers . | . . . Garrison Access . | . . . Total Hacks 18 | . 12 6 Successful 11 | . 5 6 Failed 6 | . 6 . Catastrophic 1 | . 1 . Database Lockouts 1 | . 1 . Manual 6 | . 6 . Terminals 12 | . 12 . Fabricators . | . . . Repair Stations . | . . . Recycling Units . | . . . Scanalyzers . | . . . Garrison Access . | . . . Terminal Hacks 11 | . 5 6 Record 5 | . . 5 Robot Analysis 1 | . 1 . Unreport Threat 1 | . 1 . Dispatch Records 1 | . 1 . Maintenance Status 1 | . 1 . Hauler Manifests 1 | . 1 . Derelict Proto ID Bank 1 | . . 1 Fabricator Hacks . | . . . Repair Station Hacks . | . . . Recycling Unit Hacks . | . . . Scanalyzer . | . . . Garrison Access Hacks . | . . . Unauthorized Hacks . | . . . Terminals . | . . . Fabricators . | . . . Repair Stations . | . . . Recycling Units . | . . . Scanalyzers . | . . . Garrison Access . | . . . Data Cores Recovered . | . . . Used . | . . . Hacking Detections 4 | . 4 . Full Trace Events 2 | . 2 . Feedback Events . | . . . Feedback Blocked . | . . . Robot Schematics Acquired . | . . . Robots Built . | . . . Authchips . | . . . Time . | . . . Total Robot Build Rating . | . . . Part Schematics Acquired . | . . . Parts Built . | . . . Authchips . | . . . Time . | . . . Total Part Build Rating . | . . . Parts Repaired . | . . . Time . | . . . Parts Recycled . | . . . Recycled Matter . | . . . Retrieved Matter . | . . . Retrieved Components . | . . . Parts Scanalyzed . | . . . Part Schematics Acquired . | . . . Parts Damaged . | . . . Bothacking | -11 -10 -10 ------------ Run | Yrd Mat Sub Used RIF Installer . | . . . Robots Hacked . | . . . Non-combat . | . . . Combat . | . . . Robot Hacks Applied . | . . . Relay Couplers Released . | . . . Fabnet Peak Effective % . | . . . Robots Rewired . | . . . Allies Hacked . | . . . Hacks Repelled . | . . . Allies | -11 -10 -10 -------- Run | Yrd Mat Sub Total Allies . | . . . Largest Group . | . . . Highest-Rated Group . | . . . Highest-Rated Ally . | . . . Total Orders . | . . . Ally Attacks . | . . . Total Damage . | . . . Kills . | . . . Allies Corrupted . | . . . Allies Melted . | . . . Intel | -11 -10 -10 ------- Run | Yrd Mat Sub Robot Analysis Total 1 | . 1 . Derelict Logs Recovered . | . . . Drone Launches . | . . . Drone Recoveries . | . . . Exploration | -11 -10 -10 ------------- Run | Yrd Mat Sub Turns Passed 2348 | 117 890 1341 Spaces Moved 1147 | 50 339 758 Core 8 | 8 . . Treads 571 | 42 339 190 Legs . | . . . Wheels 568 | . . 568 Hover . | . . . Flight . | . . . Fastest Speed 50 | 50 160 105 Average Speed 165 | 142 221 142 Slowest Speed 240 | 160 240 240 Overloaded Moves . | . . . Propulsion Burnouts . | . . . Robots Hopped . | . . . Cave-ins Triggered . | . . . Exploration Rate (%) 39 | 5 67 47 Regions Visited 2 Branch Regions 1 Pre-discovered Areas . | . . . Known Exits Taken . | . . . Unknown Exits Taken 2 | 1 1 . Scrap Searched 3 | . . 3 Spaces Dug 11 | . . 11 Terrain Destroyed 109 | . . 109 Melee . | . . . Projectile 8 | . . 8 AOE 101 | . . 101 Terrain Rammed . | . . . Walls Destroyed . | . . . Machines Disabled . | . . . Actions | -11 -10 -10 --------- Run | Yrd Mat Sub Total 1455 | 74 420 961 Wait 167 | . 41 126 Move 1146 | 50 338 758 Hop . | . . . Pick Up 22 | 7 4 11 Fast Attach 8 | 6 2 . Attach 5 | 1 1 3 Detach 2 | . 2 . Swap 6 | . 1 5 Drop 4 | . . 4 Fire 90 | 9 27 54 Melee . | . . . Ram . | . . . Kick . | . . . Crush 5 | 1 4 . Escape Stasis . | . . . Rewire . | . . . Trap . | . . . Miscellaneous . | . . . Route ------- -11/Scrapyard -10/Materials (discovered 2 exits: [*Mat] / *Sub) -10/Subcaves History --------- Turn | Location | Event 11 | -11/Scrapyard | Discovered new exit (range 15) 118 | -11/Scrapyard | Entered Materials 175 | -10/Materials | Central database locked down 304 | -10/Materials | Build established: Mutant 895 | -10/Materials | Discovered new exit (range 3) 990 | -10/Materials | Discovered new exit (range 4) 1008 | -10/Materials | Entered Subcaves 1532 | -10/Subcaves | Core integrity fell below 50% 1563 | -10/Subcaves | Ambushed by Subdweller buried in earth 1607 | -10/Subcaves | A Subdweller sparked back to life 1607 | -10/Subcaves | A Subdweller sparked back to life 1638 | -10/Subcaves | Found Prototype Energy Cannon 1641 | -10/Subcaves | Identified Powered Cannon 1642 | -10/Subcaves | Attached Powered Cannon, gained temporary slot: Power 1723 | -10/Subcaves | Visited Clippyterm 1726 | -10/Subcaves | Learned Research security intel 2020 | -10/Subcaves | Visited 4L-MR0's lab 2052 | -10/Subcaves | Found Powered Cannon 2340 | -10/Subcaves | Core integrity fell below 20% 2349 | -10/Subcaves | Destroyed by WI-SLF(R) with Subdweller Beam Cannon Last Messages --------------- Rainbow Chip VL-GR5's Exoskeleton "Deathgrip" Powered Cannon 02030_ 4L-MR0 mumbles to no one in particular: "Damn Subs sneaking around stealing my stuff." 02037_ 4L-MR0 mumbles: "I'm surprised some of them are even willing to come in here given their fear of my usual visitors." 02047_ Testing Chamber breached. 02051_ Dropped EM Shotgun. 02052_ Acquired Powered Cannon. 02058_ 4L-MR0 mumbles: "Who knows where that last prototype ended up, probably tossed aside somewhere as if it were useless junk..." 02071_ Machine disabled. 02073_ 4L-MR0 cries out in pain. 02073_ 4L-MR0 destroyed. 02077_ Acquired Multitool. 02078_ Acquired 25 matter. 02347_ Com. Wheel destroyed. Map ----- +----------------------------------------------------+ | ###?## % # #?????????????????????????????????? | | #???### # ##????????????????????????????????? | | ????# #????????????????????????????????? | | ??####### ## ######???????????????????????????? | | ?## #### # #? ##??????????????????????????? | | ?# ## #### ### ##?????????????????????????? | | ??# #?## # # ####??????????????????????? | | ??# ####?# ## ##?????????????????????? | | ??# #??#### # # #?????????????????????? | | ??## #### ###### #####?????????????????? | | ???## ## ##????????????????? | | ????#### ## #????????????????? | | ???????## ### ## ## #????????????????? | | #####???# ### #####????????????????? | | ##### ## #????????????????????? | | ## ##????????????????????? | | ##?????????????????????? | | #??????????????????????? | | # ## ### ### #??????????????????????? | | # #########?### ##?## ##??????????????????????? | | #?????## #?## ##### ###?####????????????????? | | #?????# ## ## ### ##???????????????? | | #????# #???????????????? | | #??# #???????????????? | | ## #??### R ####????????????? | | ##?###????#### ##@ #????????????? | | ?????????????## ####### #???????????? | | ?????????###?## #?????# "#???????????? | | ????###### ### ##?????#" ##???????????? | | ????# ##??????##"## ###????????????? | | ????# ###### ####"" #??????????????? | | ???## #??#""##??????????????? | | ?### ## "???????????????? | | ## ## #?????? ##??????????????? | | # ### ## #???? #"???????????????? | | # ##?# #?#% ##???? ##???????????????? | | ! ##?# #?? ##????? #?????????????????? | | #??## ##???%#?????????????????????????? | | #??? #????? ?????????????????????????? | | # ##### ?????? ????????????????????????? | | # ### ### #?# ??????? ???????????????????????? | | # #?##### #? ## ??????? ??????????????????????? | | ## ???## ##?#??##??????? ?????????????????????? | | ## #?## #??????????????? ????????????????????? | | ####### #?????###?????????????????????????????? | | # ## #????## #?????????????????????????????? | | ###### #?????????????????????????????? | | ### ## #?????????????????????????????? | | ###?# # ######????????????????????????? | | ????#### ## ##?"?????????????????????? | +----------------------------------------------------+ Best States ------------- Heat Dissipation 25 Energy Generation 10 Energy Capacity 250 Matter Stores 300 Matter Capacity 300 Sight Range 16 Terrain Scan Density 10 Evasion (%) 50 Recoil Reduction 2 Item Schematics ----------------- None Robot Schematics ------------------ None Fabricated ------------ Nothing Alien Tech Used ----------------- None Achievements -------------- None Challenges ------------ None Game ------ Seed GreatMolecularCycler Manual? 0 Play Time 00:14:20 Cumulative 228.7 hours Start 2024.04.20 @ 00:26:32 End 2024.04.20 @ 00:37:52 Sessions 1 Manual Loads 0 Difficulty Rogue Special Mode None Game No. 179 Rogue 179 Adventurer 0 Explorer 0 Win Type - Total 7 Types 6/0/0/1/0/0/0/0/0 Lore% 73 Gallery% 80 Achievement% 66 Wizard Run 0 Options --------- Layout 2 ASCII 1 Keyboard 0 Movement Mouse Keybinds 0 Fullscreen 2 Font 24/Smallcaps Map View 50x44 Zoom Use 0% Tactical HUD 1 Map Filters NONE Filters NONE Steam 1 RUN: 65452fdf-a936-4ddb-85de-ac374446db50